 Dungeon Crawl Stone Soup version 0.19-a0-1803-g97ff39f (webtiles) character file.

14 Proteus the Sneak (level 2, 0/14 HPs)
             Began as a Spriggan Assassin on Oct 5, 2016.
             Succumbed to an adder's poison
             ... on level 1 of the Dungeon.
             The game lasted 00:02:25 (741 turns).

Proteus the Sneak (Spriggan Assassin)                Turns: 741, Time: 00:02:26

Health: 0/14       AC:  3    Str:  7    XL:     2   Next: 31%
Magic:  3/3        EV: 17    Int: 12    God:
Gold:   95         SH:  0    Dex: 17    Spells: 0 memorised, 1 level left

rFire  + . .     SeeInvis +     a - +2 dagger
rCold  . . .     Gourm    .     c - +0 robe
rNeg   . . .     Faith    .     (shield restricted)
rPois  .         Spirit   +     (helmet restricted)
rElec  .         Dismiss  .     d - +0 cloak
rCorr  .         Reflect  .     (gloves unavailable)
MR     .....     Harm     .     (boots unavailable)
Stlth  ++++......               t - amulet of guardian spirit
                                (no ring)
                                h - ring of protection from fire

@: lethally poisoned (0 -> -5), exhausted, about to teleport, slowed, quick
A: unfitting armour, see invisible, herbivore 3, speed 3, slow metabolism 2
a: no special abilities


You were on level 1 of the Dungeon.
You were not hungry.

You visited 1 branch of the dungeon, and saw 2 of its levels.

You collected 95 gold pieces.

Inventory:

Hand Weapons
 a - a +2 dagger (weapon)
 b - a +0 blowgun
Missiles
 e - 8 poisoned needles
 f - 2 curare-tipped needles
Armour
 c - a +0 robe (worn)
 d - a +0 cloak (worn)
Jewellery
 h - a ring of protection from fire (left hand)
 q - an uncursed ring of fire
 t - an amulet of guardian spirit (around neck)
Scrolls
 k - 2 scrolls of random uselessness
 m - 2 scrolls of identify
Comestibles
 g - a bread ration
 i - a fruit
 r - a royal jelly


   Skills:
 - Level 1.5 Fighting
 - Level 2.1 Short Blades
 - Level 2.0 Throwing
 - Level 1.5 Dodging
 + Level 6.9 Stealth


You had one spell level left.
You didn't know any spells.

Dungeon Overview and Level Annotations

Branches:
Dungeon (2/15)

Altars:
Gozag


Innate Abilities, Weirdness & Mutations

You are very small and have problems with some larger weapons.
You are too small for most types of armour.
You have supernaturally acute eyesight. (SInv)
You are a herbivore.
You cover ground extremely quickly.
You need consume almost no food.


Message History

You aren't carrying any potions.
Unknown command.
As you read the scroll labeled HYTASY ZATTIU, it crumbles to dust.
It is a scroll of identify.
k - 2 scrolls of random uselessness
* * * LOW HITPOINT WARNING * * *
You feel sick.
As you read the scroll labeled VITOPT SIBYGU, it crumbles to dust.
It is a scroll of recharging.
You aren't carrying any rechargeable items.
As you read the scroll labeled MUSCHOTI WAOPH, it crumbles to dust.
You feel momentarily disoriented.
It was a scroll of magic mapping.
As you read the scroll labeled ACRUSI EDAI, it crumbles to dust.
The air around you briefly surges with heat, but it dissipates.
It was a scroll of immolation.
* * * LOW HITPOINT WARNING * * *
You feel sick.
As you read the scroll labeled QYOGAVYNWE, it crumbles to dust.
You feel strangely unstable.
It was a scroll of teleportation.
You die...

############..#..........##
#####............###....#...##
#.....############ ####.#####
#.####### ###...### #.# #.#
#.......# #.# #.#
###########.###.#.# #.# #.#
#........##.# #.#[#### #.# #.#
#........##.# #.#....## #.# #.#
#...>.@.....###.####... #.# #.#
#........#............. #.# #.#
##.######.............. #.#
#.####.###############.#.[. #.#
#.##...#.#.#.#.#.#.#.#.....
#.#####.##.##...............##...
...........#..........#......#...
#.####.....##......(#.......##...
#.# #.....#......#....#.....#...


There were no monsters in sight!

Vanquished Creatures
  A dart slug (D:1)
  A leopard gecko (D:1)
  2 bats (D:1)
  A goblin (D:1)
  3 hobgoblins
  2 rats (D:1)
10 creatures vanquished.

Notes
Turn   | Place    | Note
-------+----------+-------------------------------------------
     0 | D:1      | Proteus the Spriggan Assassin began the quest for the Orb.
     0 | D:1      | Reached XP level 1. HP: 10/10 MP: 2/2
     9 | D:1      | Reached skill level 6 in Stealth
   372 | D:1      | Reached XP level 2. HP: 13/14 MP: 3/3
   629 | D:2      | Found an opulent altar of Gozag.
   741 | D:1      | Succumbed to an adder's poison

Vault maps used:
D:1:      co_arrival_square_in_a_square_in_a_square
D:2:      lemuel_round_altar, overflow_temple_1_default, cheibrodos_gnoll_hut

Skill      XL: |  1 |
---------------+----+-----
Stealth        | 6 |  6.9
Fighting       | |  1.5
Short Blades   | |  2.1
Throwing       | |  2.0
Dodging        | |  1.5

Action                   || total
-------------------------++-------
Melee: Dagger            ||    30
  Use: Scroll            ||     5
       Potion            ||     2
 Stab: Sleeping          ||     4
Armor: Robe              ||     7
Dodge: Dodged            ||    21
